 Dungeon Crawl Stone Soup version 0.32-a0-976-g7161d331b1 (webtiles) character file.

Game seed: 9793540447790013589

236 Descartes the Shield-Bearer (level 5, -4/47 HPs)
             Began as a Mountain Dwarf Fighter on Apr 20, 2024.
             Slain by a gnoll
             ... wielding a +0 whip
             ... led by a gnoll bouda
              (7 damage)
             ... on level 4 of the Dungeon.
             The game lasted 00:03:59 (2657 turns).

Descartes the Shield-Bearer (MDFi)                  Turns: 2657, Time: 00:04:00

Health: -4/47      AC: 11    Str: 20    XL:     5   Next: 77%
Magic:  5/5        EV:  6    Int:  9    God:
Gold:   263        SH:  5    Dex: 16    Spells: 4/4 levels left

rFire   . . .        i - +3 hand axe (elec)
rCold   . . .        c - +0 buckler
rNeg    . . .        q - +0 chain mail
rPois   .            f - +0 hat
rElec   .            s - +1 cloak of Uhath {Dex+7 Stlth-}
rCorr   .            (no gloves)
SInv    .            (no boots)
Will    .....        (no amulet) Stlth
                     (no ring)
HPRegen 0.27/turn    (no ring)
MPRegen 0.09/turn

%: no passive effects
@: weakened
A: runic magic, artefact enchanting
a: no special abilities


You were on level 4 of the Dungeon.
You visited 1 branch of the dungeon, and saw 4 of its levels.

You collected 263 gold pieces.

Inventory:

Hand Weapons
 a - a +0 war axe
 i - a +3 hand axe of electrocution (weapon)
Missiles
 l - 9 poisoned darts (quivered)
Armour
 c - a +0 buckler (worn)
 f - a +0 hat (worn)
 m - a +0 cloak
 q - a +0 chain mail (worn)
 s - the +1 cloak of Uhath (worn) {Dex+7 Stlth-}
   (You found it on level 3 of the Dungeon)

   Dex+7:     It affects your dexterity (+7).
   Stlth-:    It makes you less stealthy.
Jewellery
 t - an amulet of the acrobat
Scrolls
 e - 2 scrolls of amnesia {unknown}
 g - 2 scrolls of identify {unknown}
 j - a scroll of revelation {unknown}
 k - 2 scrolls of noise {unknown}
 n - a scroll of fear {unknown}
 o - a scroll of blinking {unknown}
 p - a scroll of poison {unknown}
Potions
 b - 2 potions of invisibility {unknown}
 d - 2 potions of might
 h - a potion of enlightenment {unknown}
 r - a potion of heal wounds {unknown}


   Skills:
 + Level 4.5 Fighting
 + Level 4.1 Axes
 - Level 0.7 Staves
 + Level 4.5 Armour
 + Level 4.5 Shields


You had 4 spell levels left.
You didn't know any spells.
Your spell library contained the following spells:

 Spells                   Type           Power      Damage    Failure   Level
 Volatile Blastmotes      Fire/Tloc      0%         2d10      94%         3
 Fulminant Prism          Conj/Alch      0%         3d5       100%        4
 Iskenderun's Mystic Bla Conj/Tloc 0%             2d3        (+2d1     100%        4


Dungeon Overview and Level Annotations

Branches:
Dungeon (4/15)
 Temple: D:4-7

Altars:
Ru

Shops:
D:3 (


Innate Abilities, Weirdness & Mutations

Your spellcasting is much less encumbered by armour.
You can use scrolls of enchantment on lesser artefacts.


Message History

You closely miss the gnoll.
The gnoll bouda calls upon its god to heal the gnoll.
The gnoll is healed somewhat.
You block the gnoll's attack.
A gnoll comes into view. It is wielding a +0 whip.
The gnoll hits you but does no damage.
The gnoll shouts!
You hit the gnoll.
The gnoll is moderately wounded.
You closely miss the gnoll. You barely miss the gnoll.
You closely miss the gnoll bouda. You block the gnoll bouda's attack.
The gnoll hits you with a +0 flail. The gnoll completely misses you.
The gnoll hits you but does no damage. You block the gnoll bouda's attack.
The gnoll closely misses you.
You hit the gnoll but do no damage. Lightning courses through the gnoll!!
You kill the gnoll!
You hit the gnoll bouda but do no damage.
You hit the gnoll but do no damage. You barely miss the gnoll.
The gnoll hits you with a +0 flail! The gnoll hits you but does no damage.
The gnoll bouda closely misses you. The gnoll hits you with a +0 flail.
The gnoll barely misses you.
The gnoll hits you from afar with a +0 spear.
* * * LOW HITPOINT WARNING * * *
The gnoll bouda gazes fiercely through you!
You feel your attacks grow feeble.
The gnoll bouda hits you with a +0 club!
* * * LOW HITPOINT WARNING * * *
You block the gnoll's attack.
Things that are here:
a +0 flail; a gnoll corpse You hit the gnoll.
The gnoll is moderately wounded.
You barely miss the gnoll bouda. You hit the gnoll.
Lightning courses through the gnoll!
You kill the gnoll!
You block the gnoll's attack.
The gnoll hits you from afar with a +0 spear.
* * * LOW HITPOINT WARNING * * *
The gnoll bouda calls upon its god to heal the gnoll.
The gnoll's wounds heal themselves!
The gnoll hits you with a +0 whip!
You die...

#.....†.....#
#.####.####.#
#.......#
#.##.##†#
.#.#.#...#.#.#.#
......)_.......#
##.#.#.)g#!#.###
#.##.##.#.#
#..)@g..# #
####g#### ...
##.## ... #.#
..# ###


You could see a gnoll bouda and 2 gnolls.

Vanquished Creatures
  A scorpion (D:4)
  Crazy Yiuf (D:2)
  An iguana (D:4)
  3 gnolls (D:4)
  5 adders
  A ribbon worm (D:3)
  2 orcs
  7 ball pythons
  An endoplasm (D:2)
  4 giant cockroaches
  5 goblins
  6 hobgoblins
  4 jackals (D:3)
  4 quokkas
  3 bats (D:3)
  3 frilled lizards
  4 kobolds
  3 rats
58 creatures vanquished.

Notes
Turn   | Place    | Note
-------+----------+-------------------------------------------
     0 | D:1      | Descartes the Mountain Dwarf Fighter began the quest for
                  | the Orb.
     0 | D:1      | Reached XP level 1. HP: 19/19 MP: 1/1
   155 | D:1      | Reached XP level 2. HP: 26/26 MP: 2/2
   998 | D:2      | Found a runed translucent door.
   998 | D:2      | Noticed Crazy Yiuf
  1003 | D:2      | Killed Crazy Yiuf
  1004 | D:2      | Reached XP level 3. HP: 3/33 MP: 0/3
  1275 | D:2      | Reached XP level 4. HP: 40/40 MP: 4/4
  1851 | D:3      | Found Dantor's Antique Weapon Shoppe.
  2447 | D:3      | Identified the +1 cloak of Uhath {Dex+7 Stlth-}
  2546 | D:4      | Noticed a scorpion
  2550 | D:4      | Killed a scorpion
  2551 | D:4      | Reached XP level 5. HP: 46/47 MP: 5/5
  2630 | D:4      | Found a sacrificial altar of Ru.
  2657 | D:4      | Slain by a gnoll

Illustrated notes

Levels and vault maps discovered:
D:1:      dpeg_arrival_stonehenge_8_columns, layout_basic,
          grunt_decor_resistance, minmay_pentomino_o4
D:2:      layout_loops_ring, minmay_worlds_worst_comb, uniq_crazy_yiuf_cottage
D:3:      layout_loops_cross, serial_shops, shop_statue
D:4:      kennysheep_spiral_hall, layout_basic, kennysheep_mini,
          nicolae_ru_sacrificial_ziggurat, serial_co_window_serial,
          co_window_corner_a, co_window_paths_a, co_window_of_opportunity_a,
          co_window_cross_1, co_window_of_opportunity_a,
          co_window_of_opportunity_a, co_window_corner_a, co_window_corner_ca,
          co_window_of_opportunity_b, co_window_of_opportunity_c,
          co_window_of_opportunity_c, co_window_paths_c, serial_shops, shop,
          uniq_grinder

Skill      XL: |  1  2  3  4  5 |
---------------+----------------+-----
Axes           | 3 4 |  4.1
Fighting       | 4 |  4.5
Armour         | 4 |  4.5
Shields        | 4 |  4.5
Staves         | |  0.7

Action                     |  1- 3 |  4- 6 || total
---------------------------+-------+-------++-------
  Melee: War axe           |    74 |    43 ||   117
         Hand axe          |       |    53 ||    53
    Use: Potion            |     1 |       ||     1
 Armour: Scale mail        |    70 |    13 ||    83
         Chain mail        |       |    77 ||    77
  Dodge: Dodged            |    38 |    38 ||    76
  Block: Buckler           |    19 |    22 ||    41

Table legend: (Time is in decaauts)
 A = Elapsed time spent in this place.
 B = Non-inter-level travel time spent in this place.
 C = Inter-level travel time spent in this place.
 D = Time resting spent in this place.
 E = Time spent auto-exploring this place.
 F = Levels seen in this place.
 G = Mean time per level.
                   A        B        C        D        E       F      G
               +--------+--------+--------+--------+--------+-----+--------+
         Total |   2708 |   2611 |     97 |      0 |   2129 |   4 |  677.0 |
       Dungeon |   2708 |   2611 |     97 |      0 |   2129 |   4 |  677.0 |
               +--------+--------+--------+--------+--------+-----+--------+

Top non-repeatable levels by time:
     D:1: 945 daAuts
     D:2: 918 daAuts
     D:3: 681 daAuts
     D:4: 162 daAuts
